 Dungeon Crawl Stone Soup version 0.29-a0-870-g2c972031a6 (webtiles) character file.

Game seed: 11252662277315748711

14 nxtlvl the Cutter (level 2, -2/27 HPs)
             Began as a Deep Elf Monk on July 17, 2022.
             Frozen to death by an endoplasm (3 damage)
             ... on level 3 of the Dungeon.
             The game lasted 00:02:14 (324 turns).

nxtlvl the Cutter (Deep Elf Monk)                    Turns: 324, Time: 00:02:15

Health: -2/27      AC: 21    Str:  8    XL:     2   Next: 27%
Magic:  4/4        EV:  2    Int: 14    God:
Gold:   0          SH:  0    Dex: 17    Spells: 1/1 levels left

rFire   . . .      SeeInvis .   a - +0 short sword
rCold   . . .      Faith    .   (no shield)
rNeg    . . .      Spirit   .   (body armour currently unavailable)
rPois   +          Reflect  .   (helmet currently unavailable)
rElec   .          Harm     .   (cloak currently unavailable)
rCorr   .          Rampage  .   (gloves currently unavailable)
Will    .....      NoTele   +   (boots currently unavailable)
Stlth   ++........              (no amulet)
HPRegen 0.09/turn               (no ring)
MPRegen 0.09/turn               (no ring)

@: tree-form (expiring)
A: stationary, stasis, torment immunity, boosted hp
a: no special abilities


You were on level 3 of the Dungeon.
You were a tree.
You visited 1 branch of the dungeon, and saw 3 of its levels.

Inventory:

Hand Weapons
 a - a +0 short sword (weapon)
 b - a +0 sling
Missiles
 f - 5 stones (quivered)
Armour
 g - a +0 robe (melded)
Scrolls
 d - a scroll of identify {unknown}
Potions
 c - a potion of ambrosia


   Skills:
 - Level 2.4 Fighting
 * Level 3.7 Short Blades
 - Level 3.6 Dodging
 - Level 2.4 Stealth


You had one spell level left.
You didn't know any spells.
Your spell library contained the following spells:

 Spells                   Type           Power      Damage    Failure   Level
 Ensorcelled Hibernation  Hex/Ice        0%         N/A       41%         2
 Spider Form              Tmut/Pois      0%         N/A       65%         3
 Anguish                  Hex/Necr       0%         N/A       96%         4


Dungeon Overview and Level Annotations

Branches:
Dungeon (3/15)

Altars:
Hepliaklqana


Message History

The endoplasm hits you but does no damage.
The shadow imp hits you but does no damage.
The kobold hits you with a +0 short sword.
You hit the shadow imp but do no damage.
The shadow imp is severely wounded.
The endoplasm freezes you.
You are frozen.
The kobold barely misses you. The shadow imp hits you.
You hit the shadow imp but do no damage.
The shadow imp is severely wounded.
The endoplasm hits you but does no damage.
The kobold hits you with a +0 short sword.
The shadow imp hits you.
* * * LOW HITPOINT WARNING * * *
You hit the shadow imp but do no damage.
The shadow imp is severely wounded.
Your transformation is almost over.
The kobold hits you but does no damage. The endoplasm freezes you.
You are frozen.
* * * LOW HITPOINT WARNING * * *
The shadow imp hits you but does no damage.
You hit the shadow imp but do no damage.
The shadow imp is severely wounded.
The endoplasm hits you but does no damage.
The kobold hits you but does no damage.
The shadow imp hits you but does no damage.
You closely miss the shadow imp.
The shadow imp is severely wounded.
The shadow imp barely misses you. The kobold hits you but does no damage.
The endoplasm freezes you.
You are frozen.
* * * LOW HITPOINT WARNING * * *
Unknown command.
You hit the shadow imp.
The shadow imp is almost dead.
The shadow imp hits you but does no damage.
The kobold hits you but does no damage. The endoplasm freezes you.
You are frozen.
You die...

##..<.......
##.......... #.
##.......... #.
####'###....###.
#.#
...+...######
#.#
..#......!.###
#.#
.#...........
..# #....5...#
### #..K♣J...#
#........#
............#
#############


You could see a shadow imp, an endoplasm and a kobold.

Vanquished Creatures
  An adder (D:3)
  An endoplasm (D:3)
  A giant cockroach (D:2)
  A goblin (D:2)
  A frilled lizard (D:2)
5 creatures vanquished.

Notes
Turn   | Place    | Note
-------+----------+-------------------------------------------
     0 | D:1      | nxtlvl the Deep Elf Monk began the quest for the Orb.
     0 | D:1      | Reached XP level 1. HP: 13/13 MP: 3/3
   128 | D:2      | Found a hazy altar of Hepliaklqana.
   306 | D:3      | Reached XP level 2. HP: 12/18 MP: 4/4
   323 | D:3      | HP: 1/27 [frozen (2)]
   324 | D:3      | Frozen to death by an endoplasm

Illustrated notes

Levels and vault maps discovered:
D:1:      dpeg_arrival_tiny_c, layout_loops_ring
D:2:      layout_basic, serial_shops, shop,
          hellmonk_ecumenical_altar_arch_garden, basic_altar
D:3:      layout_basic, mainiacjoe_overflow_concentric_impassable, zin_treasury,
          uniq_crazy_yiuf_cottage

Action                   || total
-------------------------++-------
Melee: Short sword       ||    26
       Punch             ||     1
 Fire: Sling             ||     5
  Use: Potion            ||     1
 Stab: Sleeping          ||     1
Armor: Robe              ||     1
       Skin              ||    25
Dodge: Dodged            ||    10

Table legend: (Time is in decaauts)
 A = Elapsed time spent in this place.
 B = Non-inter-level travel time spent in this place.
 C = Inter-level travel time spent in this place.
 D = Time resting spent in this place.
 E = Time spent auto-exploring this place.
 F = Levels seen in this place.
 G = Mean time per level.
                   A        B        C        D        E       F      G
               +--------+--------+--------+--------+--------+-----+--------+
         Total |    323 |    310 |     13 |      0 |     93 |   3 |  107.7 |
       Dungeon |    323 |    310 |     13 |      0 |     93 |   3 |  107.7 |
               +--------+--------+--------+--------+--------+-----+--------+

Top non-repeatable levels by time:
     D:2: 204 daAuts
     D:3: 83 daAuts
     D:1: 34 daAuts
